 Dungeon Crawl Stone Soup version 0.25-a0-58-g9dd530fc12 (webtiles) character file.

Game seed: 6143743625645668317, levelgen mode: deterministic

7 Joeren the Magician (level 2, 0/19 HPs)
             Began as a Gnoll Wizard on Oct 26, 2019.
             Slain by an adder (5 damage)
             ... on level 1 of the Dungeon on Oct 27, 2019.
             The game lasted 00:03:47 (359 turns).

Joeren the Magician (Gnoll Wizard)                   Turns: 359, Time: 00:03:48

Health: 0/19       AC:  2    Str:  9    XL:     2   Next: 0%
Magic:  10/10      EV: 14    Int: 20    God:
Gold:   14         SH:  0    Dex: 13    Spells: 14/15 levels left

rFire    . . .     SeeInvis .   g - +0 dagger
rCold    . . .     Gourm    .   (no shield)
rNeg     . . .     Faith    .   a - +0 robe
rPois    .         Spirit   .   b - +0 hat
rElec    .         Reflect  .   (no cloak)
rCorr    .         Harm     .   (no gloves)
MR       .....                  (no boots)
Stlth    +++.......             (no amulet)
HPRegen  0.06/turn              (no ring)
MPRegen  0.12/turn              (no ring)

@: lethally poisoned (0 -> -9)
A: distributed training, fangs 1, strong nose
a: no special abilities


You were on level 1 of the Dungeon.
You were not hungry.

You visited 1 branch of the dungeon, and saw 2 of its levels.

You collected 14 gold pieces.

Inventory:

Hand Weapons
 g - a +0 dagger (weapon)
Armour
 a - a +0 robe (worn)
 b - a +0 hat (worn)
 e - a +0 leather armour
Jewellery
 k - a +3 ring of intelligence {unknown}
Scrolls
 c - a scroll of identify {unknown}
 j - a scroll of immolation {unknown}
Potions
 f - a potion of invisibility {unknown}
 i - a potion of degeneration {unknown}
Comestibles
 d - a ration
 h - 2 chunks of flesh


   Skills:
 + Level 0.2 Fighting
 + Level 0.2 Short Blades
 + Level 0.2 Long Blades
 + Level 0.2 Axes
 + Level 0.2 Maces & Flails
 + Level 0.2 Polearms
 + Level 0.2 Staves
 + Level 0.2 Slings
 + Level 0.2 Bows
 + Level 0.2 Crossbows
 + Level 0.2 Throwing
 + Level 0.2 Armour
 + Level 4.4 Dodging
 + Level 4.0 Stealth
 + Level 0.2 Shields
 + Level 0.2 Unarmed Combat
 + Level 7.1 Spellcasting
 + Level 2.0 Conjurations
 + Level 0.1 Hexes
 + Level 0.1 Charms
 + Level 2.0 Summonings
 + Level 0.1 Necromancy
 + Level 2.0 Translocations
 + Level 0.1 Transmutations
 + Level 0.1 Fire Magic
 + Level 0.1 Ice Magic
 + Level 0.1 Air Magic
 + Level 0.1 Earth Magic
 + Level 0.1 Poison Magic
 + Level 0.3 Invocations
 + Level 0.2 Evocations


You had 14 spell levels left.
You knew the following spells:

 Your Spells              Type           Power        Failure   Level  Hunger
a - Magic Dart            Conj           ###.         4%          1    None

Your spell library contained the following spells:

 Spells                   Type           Power        Failure   Level  Hunger
 Blink                    Tloc           N/A          6%          2    None
 Call Imp                 Summ           ###.....     6%          2    None
 Slow                     Hex            #.......     13%         2    None
 Conjure Flame            Conj/Fire      ##......     19%         3    #......
 Mephitic Cloud           Conj/Pois/Air  ##......     21%         3    #......


Dungeon Overview and Level Annotations

Branches:
Dungeon (2/15)

Altars:


Innate Abilities, Weirdness & Mutations

Your experience applies equally to all skills.
You have very sharp teeth.
Your uncanny sense of smell can sniff out nearby items.


Message History

The jackal misses you. The jackal bites you. The jackal bites you.
The jackal closely misses you.
There is a stone staircase leading down here.
The jackal misses you.
The jackal bites you but does no damage.
You climb downwards.
The adder bites you.
You are poisoned.
The adder poisons you! The adder bites you.
There is a stone staircase leading up here.
You feel sick. The jackal barely misses you. The jackal closely misses you.
The adder bites you but does no damage. The jackal barely misses you.
You climb upwards.
The hobgoblin closely misses you.
There is a stone staircase leading down here.
You feel sick. The jackal closely misses you. The adder bites you.
You are lethally poisoned!
The adder poisons you! The jackal misses you. The jackal bites you.
* * * LOW HITPOINT WARNING * * *
The adder bites you.
You die...

################
#..............#
####......hh......######
#..'......g.@...........
#.##.......S......######
∆#.##............).#
#g##..............###########
#.##.........................
#.##..........###############
#.##..........#
#.############# #.#


You could see an adder, 2 jackals and a hobgoblin.

Vanquished Creatures
  2 giant cockroaches (D:1)
  2 goblins (D:1)
  2 rats
6 creatures vanquished.

Notes
Turn   | Place    | Note
-------+----------+-------------------------------------------
     0 | D:1      | Joeren the Gnoll Wizard began the quest for the Orb.
     0 | D:1      | Reached XP level 1. HP: 13/13 MP: 8/8
   291 | D:1      | Reached XP level 2. HP: 19/19 MP: 3/10
   359 | D:1      | Slain by an adder

Levels and vault maps discovered:
D:1:      ebering_trefoil_3fold, layout_basic
D:2:      layout_basic

Skill      XL: |  1 |
---------------+----+-----
Conjurations   | 2 |  2.0
Summonings     | 2 |  2.0
Translocations | 2 |  2.0
Fighting       | |  0.2
Short Blades   | |  0.2
Long Blades    | |  0.2
Axes           | |  0.2
Maces & Flails | |  0.2
Polearms       | |  0.2
Staves         | |  0.2
Slings         | |  0.2
Bows           | |  0.2
Crossbows      | |  0.2
Throwing       | |  0.2
Armour         | |  0.2
Dodging        | |  4.4
Stealth        | |  4.0
Shields        | |  0.2
Unarmed Combat | |  0.2
Spellcasting   | |  7.1
Hexes          | |  0.1
Charms         | |  0.1
Necromancy     | |  0.1
Transmutations | |  0.1
Fire Magic     | |  0.1
Ice Magic      | |  0.1
Air Magic      | |  0.1
Earth Magic    | |  0.1
Poison Magic   | |  0.1
Invocations    | |  0.3
Evocations     | |  0.2

Action                   || total
-------------------------++-------
Melee: Dagger            ||     5
 Cast: Magic Dart        ||    15
Armor: Robe              ||     7
Dodge: Dodged            ||    25

Table legend:
 A = Non-vault XP
 B = Vault XP
 C = Vault XP percentage of total XP
 D = Non-vault monster count
 E = Vault monster count
 F = Vault count percentage of total count
                 A         B        C        D         E       F
            +---------+---------+-------+---------+---------+-------
      Total |      10 |       0 |   0.0 |       6 |       0 |   0.0
            +---------+---------+-------+---------+---------+-------
        D:1 |       9 |       0 |   0.0 |       5 |       0 |   0.0
        D:2 |       1 |       0 |   0.0 |       1 |       0 |   0.0
            +---------+---------+-------+---------+---------+-------
